 Dungeon Crawl Stone Soup version 0.30-a0-930-gb9d0489357 (webtiles) character file.

Game seed: 5852927882201361676

19135 jimonade the Severer (level 12, -1/106 HPs)
             Began as a Hill Orc Fighter on Mar 23, 2023.
             Was a Priest of Beogh.
             Slain by a catoblepas (17 damage)
             ... on level 2 of the Lair of Beasts.
             The game lasted 00:36:07 (14579 turns).

jimonade the Severer (Hill Orc Fighter)            Turns: 14579, Time: 00:36:08

Health: -1/106     AC: 17    Str: 20    XL:     12   Next: 65%
Magic:  19/19      EV:  8    Int: 12    God:    Beogh [***...]
Gold:   806        SH: 17    Dex: 17    Spells: 11/11 levels left

rFire   . . .      SeeInvis .    a - +1 broad axe (flame)
rCold   . . .      Faith    .    O - +0 kite shield
rNeg    + . .      Spirit   .    j - +0 chain mail
rPois   .          Reflect  +    K - +0 helmet
rElec   .          Rampage  .    A - +0 cloak
rCorr   +                        p - +0 pair of gloves
Will    .....                    M - +0 pair of boots
Stlth   x                          - amulet of reflection
HPRegen 0.37/turn                r - ring of positive energy
MPRegen 0.16/turn                G - ring of the Falcon {rCorr Dex+7}

@: no status effects
A: no striking features
a: Renounce Religion, Smiting


You were on level 2 of the Lair of Beasts.
You worshipped Beogh.
Beogh was most pleased with you.
You visited 2 branches of the dungeon, and saw 13 of its levels.
You also visited: Ossuary.

You collected 806 gold pieces.

Inventory:

Hand Weapons
 a - a +1 broad axe of flaming (weapon)
 b - a +3 hand axe of freezing
 c - a +7 spear of venom
 d - a +3 morningstar
 e - a +1 battleaxe
 y - a +0 shortbow
 H - a +2 flail of pain
Missiles
 B - 11 javelins
 D - 40 poisoned darts (quivered)
Armour
 f - a +0 troll leather armour
 j - a +0 chain mail (worn)
 p - a +0 pair of gloves (worn)
 A - a +0 cloak (worn)
 F - a +0 scale mail
 J - +0 steam dragon scales
 K - a +0 helmet (worn)
 M - a +0 pair of boots (worn)
 O - a +0 kite shield (worn)
 R - the +4 ring mail of Fedhas's Indignation {Harm Rampage Str+3}
   (You found it on level 1 of the Lair of Beasts)

   Str:       It affects your strength (+3).
   Harm:      It increases damage dealt and taken.
   Rampage:   It bestows one free step when moving towards enemies.
Jewellery
 i - a ring of fire
 r - a ring of positive energy (left hand)
 x - an amulet of reflection (around neck)
 G - the ring of the Falcon (right hand) {rCorr Dex+7}
   (You found it on level 6 of the Dungeon)

   [ring of resist corrosion]

   Dex:       It affects your dexterity (+7).
   rCorr:     It protects you from acid and corrosion.
 S - a ring of flight
Wands
 l - a wand of digging (5)
 u - a wand of paralysis (8)
 L - a wand of iceblast (8)
 N - a wand of mindburst (14)
Scrolls
 n - 2 scrolls of blinking
 C - 2 scrolls of teleportation
 I - 4 scrolls of identify
 Q - a scroll of vulnerability {unknown}
Potions
 g - 3 potions of cancellation {unknown}
 h - 7 potions of curing
 k - 2 potions of mutation
 m - a potion of berserk rage {unknown}
 o - 3 potions of might
 q - 2 potions of brilliance
 s - a potion of lignification {unknown}
 t - 2 potions of haste {unknown}
 v - a potion of magic {unknown}
 w - 2 potions of ambrosia {unknown}
 z - 6 potions of heal wounds
 E - 4 potions of attraction {unknown}
 P - a potion of invisibility {unknown}


   Skills:
 + Level 9.8 Fighting
 + Level 15.6 Axes
 + Level 1.0(8.6) Maces & Flails
 + Level 0.4 Throwing
 + Level 9.5 Armour
 + Level 3.7 Dodging
 + Level 1.1 Stealth
 + Level 10.1 Shields
 * Level 10.0 Invocations


You had 11 spell levels left.
You didn't know any spells.
Your spell library contained the following spells:

 Spells                   Type           Power      Damage    Failure   Level
 Apportation              Tloc           0%         N/A       99%         1
 Summon Small Mammal      Summ           0%         N/A       99%         1
 Scorch                   Fire           0%         2d5       100%        2
 Call Canine Familiar     Summ           0%         N/A       100%        3
 Ozocubu's Armour         Ice            0%         N/A       100%        3
 Portal Projectile        Hex/Tloc       0%         N/A       100%        3
 Summon Guardian Golem    Hex/Summ       0%         N/A       100%        3
 Tukima's Dance           Hex            0%         N/A       100%        3
 Flame Wave               Conj/Fire      0%         2d4       100%        4
 Alistair's Intoxication  Tmut/Pois      0%         N/A       100%        5
 Blade Hands              Tmut           0%         N/A       100%        5
 Freezing Cloud           Conj/Ice/Air   0%         6-21      100%        5
 Metabolic Englaciation   Hex/Ice        0%         N/A       100%        5
 Summon Mana Viper        Hex/Summ       0%         N/A       100%        5
 Simulacrum               Ice/Necr       0%         N/A       100%        6
 Summon Cactus Giant      Summ           0%         N/A       100%        6
 Monstrous Menagerie      Summ           0%         N/A       100%        7
 Ozocubu's Refrigeration  Ice            0%         4d7       100%        7
 Polar Vortex             Ice            0%         N/A       100%        9


Dungeon Overview and Level Annotations

Branches:
Dungeon (11/15)            Temple (0/1) D:4            Lair (2/5) D:9
  Snake (0/4) Lair:2          Orc (0/2) D:9         Ossuary (visited)
  Swamp: Lair:2-3    Shoals: Lair:2-3

Altars:
Dithmenos
Elyvilon
Kikubaaqudgha
Nemelex Xobeh
Xom
The Shining One

Annotations:
D:8 1 runed translucent door, epsilonplus's ghost, novice HuFi


Message History

You are engulfed in calcifying dust.
The catoblepas gores you!
You are engulfed in calcifying dust.
The catoblepas gores you!
You turn to flesh and can move again.
Your +3 hand axe of freezing stops glowing.
Your +1 broad axe of flaming bursts into flame!
a - a +1 broad axe of flaming (weapon)
You are engulfed in calcifying dust.
The catoblepas barely misses you.
The catoblepas breathes in.
The catoblepas gores you!
You hit the catoblepas. You burn the catoblepas.
The catoblepas is lightly wounded.
The helpless blink frog fails to defend itself.
You slice the blink frog!! You burn the blink frog.
You kill the blink frog!
Beogh accepts your kill. The catoblepas gores you.
Your Invocations skill increases to level 10!
You hit the catoblepas. You burn the catoblepas.
The catoblepas is lightly wounded.
You block the catoblepas's attack.
You hit the catoblepas. You burn the catoblepas.
The catoblepas is lightly wounded.
The catoblepas gores you!!
You hit the catoblepas but do no damage.
The catoblepas is lightly wounded.
You barely miss the catoblepas.
The catoblepas is lightly wounded.
The catoblepas breathes a plume of calcifying dust at you.
The blast of calcifying dust hits you but does no damage.
The catoblepas gores you!!
* * * LOW HITPOINT WARNING * * *
You slash the catoblepas! You burn the catoblepas.
The catoblepas is moderately wounded.
The catoblepas breathes a plume of calcifying dust at you.
The blast of calcifying dust hits you but does no damage.
You block the catoblepas's attack.
You slash the catoblepas! You burn the catoblepas.
The catoblepas is heavily wounded.
The catoblepas gores you!
You die...

...........................
.. . .......
......>.............. #
...... #.......[.... .....#
#....#..#.... .....#
#............ .....##
##†......#.... .....P#
#........#.... #.##.##
##............ ##
#.##########.@.'?...<...
####.)#...##.##.Y§#........
.#..............§.#..##....
................§..........
#.P#######.#.##P######.##..
#### ######## ## #


You could see a catoblepas.

Vanquished Creatures
  A hydra (Lair:2)
  A two-headed ogre (D:9)
  A tengu warrior (D:11)
  Pikel (D:6)
  A salamander (Lair:2)
  2 black mambas (Lair:1)
  2 cane toads (Lair:1)
  An unseen horror (D:10)
  A komodo dragon (Lair:1)
  Maggie (D:6)
  A tengu conjurer (D:11)
  2 trolls
  7 blink frogs
  A hornet (D:6)
  A shadow (D:11)
  A vampire (D:11)
  5 wyverns
  23 yaks
  A basilisk (Lair:2)
  A wraith (D:9)
  3 vampire mosquitoes (D:11)
  Grum (D:8)
  2 steam dragons (D:9)
  4 water moccasins
  2 sky beasts
  4 black bears
  2 ice beasts
  2 ogres
  8 centaurs
  12 wolves
  A lemure (D:5)
  A phantom (D:4)
  2 kobold brigands
  A gnoll sergeant (D:10)
  8 bullfrogs
  2 necrophages (D:10)
  12 scorpions
  6 wights
  11 killer bees (D:8)
  2 howler monkeys
  6 centaur zombies
  2 human zombies
  6 hounds
  2 jellies
  A sleepcap (D:5)
  3 iguanas
  4 scorpion zombies (Ossuary)
  An orc wizard (D:6)
  9 mummies
  A howler monkey zombie (D:10)
  3 gnolls
  14 adders
  5 white imps
  6 worms
  A dart slug (D:2)
  5 orcs (D:6)
  A bat (D:2)
  8 endoplasms
  2 giant cockroaches (D:2)
  4 goblins
  3 hobgoblins
  16 kobolds
  3 quokkas
  5 ball pythons
  A frilled lizard (D:3)
  2 goblin zombies (Ossuary)
  2 hobgoblin zombies (Ossuary)
  A kobold zombie (Ossuary)
  An orc zombie (Ossuary)
  A quokka zombie (D:7)
  5 rats
  A rat zombie (D:7)
266 creatures vanquished.

Vanquished Creatures (others)
  An orc priest (D:6)
  An orc (D:6)
  62 fungi
  99 plants
163 creatures vanquished.

Grand Total: 429 creatures vanquished

Notes
Turn   | Place    | Note
-------+----------+-------------------------------------------
     0 | D:1      | jimonade the Hill Orc Fighter began the quest for the Orb.
     0 | D:1      | Reached XP level 1. HP: 19/19 MP: 1/1
   808 | D:1      | Found a faded altar of an unknown god.
   892 | D:2      | Reached XP level 2. HP: 21/27 MP: 2/2
   981 | D:2      | Reached skill level 3 in Axes
   981 | D:2      | Reached XP level 3. HP: 19/33 MP: 3/3
  1369 | D:2      | Reached XP level 4. HP: 22/40 MP: 4/4
  1858 | D:3      | Reached skill level 4 in Axes
  1932 | D:3      | Reached XP level 5. HP: 32/46 MP: 5/5
  2032 | D:3      | Reached skill level 5 in Axes
  2378 | D:3      | Found a shadowy altar of Dithmenos.
  2547 | D:4      | Found a staircase to the Ecumenical Temple.
  2855 | D:4      | Reached XP level 6. HP: 42/53 MP: 6/6
  2906 | D:4      | Reached skill level 6 in Axes
  3104 | D:4      | Reached skill level 7 in Axes
  3104 | D:4      | Reached XP level 7. HP: 51/60 MP: 7/7
  3407 | D:5      | Entered Level 5 of the Dungeon
  3426 | D:5      | Reached skill level 1 in Dodging
  3458 | D:5      | Reached skill level 5 in Fighting
  3590 | D:5      | Reached skill level 8 in Axes
  3590 | D:5      | Reached skill level 5 in Armour
  3638 | D:5      | Got the Teachings on the Friendly Oath
  4031 | D:6      | Reached XP level 8. HP: 54/69 MP: 8/8
  4134 | D:6      | Noticed Pikel
  4254 | D:6      | Killed Pikel
  4255 | D:6      | Reached skill level 9 in Axes
  4255 | D:6      | Reached skill level 5 in Shields
  4608 | D:6      | Identified the ring of the Falcon {rCorr Dex+7}
  4650 | D:6      | Became a worshipper of Beogh the Brigand
  4688 | D:6      | Reached XP level 9. HP: 38/75 MP: 9/9
  4822 | D:6      | Noticed Maggie
  4840 | D:6      | Killed Maggie
  4841 | D:6      | Reached skill level 10 in Axes
  5185 | D:6      | Noticed a hornet
  5191 | D:6      | Paralysed by a hornet for 1 turns
  5192 | D:6      | Killed a hornet
  5193 | D:6      | Reached skill level 1 in Invocations
  5580 | D:6      | Found a glowing golden altar of the Shining One.
  5916 | D:7      | Reached skill level 1 in Maces & Flails
  6130 | D:7      | Found a sand-covered staircase.
  6137 | Ossuary  | Entered an ossuary
  6156 | Ossuary  | Reached skill level 11 in Axes
  6385 | Ossuary  | Reached * piety under Beogh
  6693 | Ossuary  | Reached XP level 10. HP: 86/86 MP: 12/12
  7010 | D:7      | Reached skill level 12 in Axes
  7803 | D:8      | Noticed Grum
  7815 | D:8      | Reached ** piety under Beogh
  7827 | D:8      | Killed Grum
  7979 | D:8      | Found a runed translucent door.
  7981 | D:8      | Found a shimmering altar of Xom.
  7981 | D:8      | Noticed epsilonplus's ghost (novice HuFi)
  7982 | D:8      | Noticed a +0 spear of chaos
  8597 | D:8      | Reached skill level 5 in Invocations
  9185 | D:9      | Reached skill level 13 in Axes
  9191 | D:9      | Found a staircase to the Lair.
  9216 | D:9      | Reached XP level 11. HP: 91/94 MP: 15/15
  9339 | D:9      | Found a white marble altar of Elyvilon.
  9398 | D:9      | Found a staircase to the Orcish Mines.
  9636 | D:9      | Noticed a two-headed ogre
  9646 | D:9      | Killed a two-headed ogre
  9794 | D:10     | Entered Level 10 of the Dungeon
 10207 | D:10     | Reached skill level 1 in Stealth
 10416 | D:10     | HP: 4/94 [something (1)]
 10993 | D:10     | Reached *** piety under Beogh
 11037 | D:10     | Found an ancient bone altar of Kikubaaqudgha.
 11113 | D:10     | Reached skill level 14 in Axes
 11664 | D:11     | Noticed a tengu warrior
 11708 | D:11     | Killed a tengu warrior
 11924 | D:11     | Noticed a cyan ugly thing
 12007 | D:11     | Noticed a cyclops
 12081 | Lair:1   | Entered Level 1 of the Lair of Beasts
 12117 | Lair:1   | Reached skill level 15 in Axes
 12117 | Lair:1   | Reached XP level 12. HP: 86/104 MP: 18/18
 13225 | Lair:1   | Identified the +4 ring mail of Fedhas's Indignation {Harm
                  | Rampage Str+3}
 13679 | Lair:2   | Noticed a catoblepas
 13680 | Lair:2   | Noticed an eight-headed hydra
 13777 | Lair:2   | Found a staircase to the Snake Pit.
 14214 | Lair:2   | Found a sparkling altar of Nemelex Xobeh.
 14245 | Lair:2   | Killed a three-headed hydra
 14246 | Lair:2   | Reached skill level 10 in Shields
 14572 | Lair:2   | Reached skill level 10 in Invocations
 14579 | Lair:2   | Slain by a catoblepas

Illustrated notes

Levels and vault maps discovered:
D:1:      lightli_arrival_noodles, layout_loops_corners,
          hellmonk_ecumenical_altar_prayer_group
D:2:      layout_basic, serial_bayou_lagoon_a, grunt_ministairs_4,
          serial_bayou_pond_c
D:3:      layout_basic, marbit_many_paths
D:4:      layout_loops_cross, minmay_temple_entry_grid
D:5:      layout_rooms
D:6:      layout_loops_corners, tso_oasis_becter, kennysheep_doodads,
          uniq_pikel, uniq_maggie
D:7:      layout_loops_ring, enter_ossuary_4
D:8:      layout_loops_corners, ebering_ghost_xom, uniq_grum
D:9:      layout_basic, lemuel_tele_altar, due_lair_maze_entry_diamond
D:10:     layout_long_grid, lemuel_mausoleum_altar_kikubaaqudgha,
          dreamdust_wishing_well
D:11:     layout_basic
Lair:1:   layout_regular_city, grunt_megastairs_3, infiniplex_staircase_pool_2
Lair:2:   layout_chaotic_city, minmay_shoals_entry_centaurs,
          nicolae_snake_entry_warm_welcome, basic_altar, st_stairs_10,
          uniq_harold

Skill      XL: |  1  2  3  4  5  6  7  8  9 10 11 12 |
---------------+-------------------------------------+-----
Fighting       | 4 5 6 7 8 9 |  9.8
Axes           | 3 4 5 7 8 9 11 13 15 | 15.6
Shields        | 4 5 6 8 9 10 | 10.1
Armour         | 4 5 6 7 8 9 |  9.5
Dodging        | 1 2 3 |  3.7
Invocations    | 3 5 8 10 | 10.0
Maces & Flails | 1 |  1.0
Stealth        | 1 |  1.1
Throwing       | |  0.4

Action                     |  1- 3 |  4- 6 |  7- 9 | 10-12 || total
---------------------------+-------+-------+-------+-------++-------
  Melee: War axe           |    98 |   128 |   137 |       ||   363
         Whip              |       |       |     8 |       ||     8
         Broad axe         |       |       |   155 |   444 ||   599
         Hand axe          |       |       |       |   268 ||   268
  Throw: Throwing net      |       |       |     2 |     1 ||     3
         Dart              |       |       |       |     9 ||     9
 Invoke: Convert to Beogh  |       |       |     1 |       ||     1
         Smiting           |       |       |       |     7 ||     7
    Use: Scroll            |       |       |     9 |     6 ||    15
         Potion            |       |       |     1 |     3 ||     4
   Stab: Held in net/web   |       |       |       |     2 ||     2
         Petrified         |       |       |       |     1 ||     1
 Armour: Scale mail        |    42 |    63 |    80 |    39 ||   224
         Chain mail        |       |       |       |   171 ||   171
  Dodge: Dodged            |    42 |    45 |    76 |   166 ||   329
  Block: Buckler           |    20 |    29 |   130 |   156 ||   335
         Reflection        |       |       |     3 |    14 ||    17
         Kite shield       |       |       |       |   298 ||   298

Table legend: (Time is in decaauts)
 A = Elapsed time spent in this place.
 B = Non-inter-level travel time spent in this place.
 C = Inter-level travel time spent in this place.
 D = Time resting spent in this place.
 E = Time spent auto-exploring this place.
 F = Levels seen in this place.
 G = Mean time per level.
                   A        B        C        D        E       F      G
               +--------+--------+--------+--------+--------+-----+--------+
         Total |  14623 |  13860 |    763 |   2559 |   6814 |  14 | 1044.5 |
       Dungeon |  11543 |  10819 |    724 |   1481 |   6242 |  11 | 1049.4 |
          Lair |   2436 |   2398 |     38 |    881 |    523 |   2 | 1218.0 |
       Ossuary |    644 |    644 |      0 |    197 |     49 |   1 |  644.0 |
               +--------+--------+--------+--------+--------+-----+--------+

Top non-repeatable levels by time:
     D:6: 1943 daAuts
  Lair:1: 1575 daAuts
     D:8: 1480 daAuts
    D:10: 1321 daAuts
     D:9: 1065 daAuts
     D:7: 1034 daAuts
     D:2: 972 daAuts
     D:4: 905 daAuts
     D:1: 895 daAuts
  Lair:2: 860 daAuts
     D:3: 720 daAuts
 Ossuary: 644 daAuts
     D:5: 607 daAuts
    D:11: 595 daAuts
